 Dungeon Crawl Stone Soup version 0.26-a0-597-gb535b0901c (webtiles) character file.

Game seed: 16812957225553025815

24992 HoaS the Cruncher (level 13, 0/102 (103) HPs)
             Began as a Formicid Fighter on Sept 2, 2020.
             Was a High Priest of Makhleb.
             Slain by an ice beast (5 damage)
             ... summoned by an ice statue
             ... in an ice cave.
             The game lasted 00:27:35 (13248 turns).

HoaS the Cruncher (Formicid Fighter)               Turns: 13248, Time: 00:27:35

HP:   0/102 (103)   AC: 15    Str: 32    XL:     13   Next: 47%
MP:   13/13         EV: 15    Int:  8    God:    Makhleb [*****.]
Gold: 555           SH: 12    Dex: 10    Spells: 12/12 levels left

rFire    . . .     SeeInvis +   a - +2 quarterstaff
rCold    + . .     Faith    .   c - +0 kite shield
rNeg     . . .     Spirit   .   A - +0 swamp dragon scales
rPois    +         Reflect  .   (helmet unavailable)
rElec    .         Harm     .   l - +1 cloak
rCorr    .                      (no gloves)
MR       +....                  t - +1 pair of boots
Stlth    ..........             (no amulet)
HPRegen  0.27/turn              k - +6 ring of strength
MPRegen  0.13/turn              b - ring of protection from cold

@: no status effects
A: permanent stasis, dig shafts and tunnels, four strong arms, antennae 3
a: Dig, Shaft Self, Minor Destruction, Lesser Servant of Makhleb, Major
Destruction, Greater Servant of Makhleb, Renounce Religion


You were in an ice cave.
You worshipped Makhleb.
Makhleb was extremely pleased with you.
You visited 3 branches of the dungeon, and saw 14 of its levels.
You also visited: Sewer and Ice Cave.

You collected 555 gold pieces.

Inventory:

Hand Weapons
 a - a +2 quarterstaff (weapon)
 y - a +0 hand crossbow
Missiles
 m - 135 bolts
Armour
 c - a +0 kite shield (worn)
 l - a +1 cloak (worn)
 t - a +1 pair of boots (worn)
 A - +0 swamp dragon scales (worn)
Jewellery
 b - a ring of protection from cold (right hand)
 k - a +6 ring of strength (left hand)
 s - an uncursed ring of protection from fire
Wands
 e - a wand of iceblast (8)
 g - a wand of disintegration (11)
 p - a wand of paralysis (16)
 u - a wand of random effects (18)
 x - a wand of acid (12)
Scrolls
 d - a scroll of enchant weapon
 i - a scroll of identify
 n - 3 scrolls of remove curse
 o - a scroll of fear
 w - a scroll of enchant armour
Potions
 f - 8 potions of curing
 h - 2 potions of heal wounds
 j - 3 potions of stabbing
 q - 2 potions of flight {unknown}
 r - 3 potions of resistance
 v - 2 potions of cancellation {unknown}
 z - a potion of mutation {unknown}


   Skills:
 + Level 10.2 Fighting
 - Level 14.0 Staves
 + Level 10.2 Armour
 + Level 8.1 Dodging
 - Level 9.0 Shields


You had 12 spell levels left.
You didn't know any spells.
Your spell library contained the following spells:

 Spells                   Type           Power        Failure   Level
 Apportation              Tloc           #.....       50%         1
 Magic Dart               Conj           #...         50%         1
 Shock                    Conj/Air       #...         50%         1
 Call Imp                 Summ           #.......     65%         2
 Slow                     Hex            #.......     65%         2
 Confusing Touch          Hex            #.......     86%         3
 Conjure Flame            Conj/Fire      #.......     86%         3
 Gell's Gravitas          Tloc           #.........   86%         3
 Lesser Beckoning         Tloc           #.........   86%         3
 Mephitic Cloud           Conj/Pois/Air  #.......     86%         3
 Static Discharge         Conj/Air       #.......     86%         3
 Tukima's Dance           Hex            #.......     86%         3
 Airstrike                Air            #.........   99%         4
 Petrify                  Tmut/Erth      #.......     99%         4
 Alistair's Intoxication  Tmut/Pois      #........    100%        5
 Lightning Bolt           Conj/Air       #.........   100%        5
 Metabolic Englaciation   Hex/Ice        #.........   100%        5
 Yara's Violent Unravell  Hex/Tmut       #.........   100%        5
 Invisibility             Hex            #.......     100%        6
 Blink                    Tloc           Unusable     N/A         2
 Swiftness                Air            Unusable     N/A         2

Dungeon Overview and Level Annotations

Branches:
Dungeon (10/15)            Temple (1/1) D:4            Lair (3/6) D:10
 Spider (0/4) Lair:2        Sewer (visited)           IceCv (1/1)
  Swamp: Lair:2-4    Shoals: Lair:2-4       Orc: D:9-12

Altars:
Ashenzari
Cheibriados
Dithmenos
Elyvilon
Fedhas
Gozag
Hepliaklqana
Kikubaaqudgha
Makhleb
Nemelex Xobeh
Okawaru
Qazlal
Ru
Sif Muna
Trog
Uskayaw
Vehumet
Wu Jian
Xom
Yredelemnul
Zin
The Shining One

Shops:
D:10 ?

Annotations:
D:9 3 runed translucent doors, Bliebski's ghost, novice OpTm
D:10 exclusion: orange crystal statue IceCv exclusion: ice statue


Innate Abilities, Weirdness & Mutations

You cannot be hasted, slowed, berserked, paralysed or teleported.
You can dig through walls and to a lower floor.
Your four strong arms can wield two-handed weapons with a shield.
You have a pair of large antennae on your head. (SInv)


Message History

The ice statue is moderately damaged.
You hit the ice statue but do no damage.
The ice statue is moderately damaged.
The ice beast barely misses you.
You hit the ice statue.
The ice statue is moderately damaged.
The ice beast hits you.
* * * LOW HITPOINT WARNING * * *
The ice beast freezes you! You resist.
* * * LOW HITPOINT WARNING * * *
The ice statue gestures.
You hit the ice statue.
The ice statue is heavily damaged.
You block the wolf's attack.
You sock the ice statue!
The ice statue is heavily damaged.
You block the wolf's attack. The ice beast hits you.
* * * LOW HITPOINT WARNING * * *
The ice beast freezes you. You resist.
You die...

#..#
#.##
#○## #
##.# #.
##.# #.
##..#
#..
##..##
#..#...#
#.Yh@.##
##.Y8.#
##..##
#..#
#.## ##


You could see an ice statue, 2 ice beasts and a wolf.

Vanquished Creatures
  Gastronok (D:8)
  Snorg (D:10)
  3 hydras
  Nergalle (D:10)
  Joseph (D:10)
  A black mamba (Lair:3)
  2 gargoyles
  The ghost of eyesofgods1 the Insei, a novice DgTm (D:6)
  Maggie (Lair:2)
  2 komodo dragons
  A rime drake (IceCv)
  Grinder (Sewer)
  9 polar bears (IceCv)
  4 blink frogs (Lair:2)
  2 hippogriffs (Lair:1)
  29 yaks
  2 basilisks (Lair:1)
  Menkaure (D:5)
  3 wargs (D:10)
  4 porcupines
  6 water moccasins
  3 ice beasts
  6 orc warriors
  3 sky beasts
  A hornet zombie (D:9)
  2 black bears
  A necrophage (Sewer)
  2 phantoms (D:4)
  2 centaurs (D:10)
  An ogre (D:6)
  32 wolves
  3 crocodiles
  3 big kobolds
  6 bullfrogs
  2 scorpions
  6 killer bees (D:8)
  5 wights
  4 howler monkeys
  3 hounds
  3 centaur zombies
  13 orc wizards
  9 orc priests
  A centaur skeleton (D:4)
  3 jellies
  2 bullfrog skeletons
  2 iguanas (D:9)
  Terence (D:2)
  4 worker ants
  2 big kobold zombies (Sewer)
  2 hound zombies
  A hound skeleton (D:9)
  4 gnolls (D:4)
  A howler monkey skeleton (D:5)
  13 adders
  4 shadow imps
  13 white imps
  3 ufetubi (Sewer)
  3 oozes (Sewer)
  An adder zombie (D:6)
  An adder skeleton (D:8)
  2 worms (D:2)
  A dart slug (D:1)
  11 leopard geckos
  35 orcs
  A bat zombie (Sewer)
  9 giant cockroaches
  5 goblins
  2 hobgoblins (D:2)
  16 jackals
  33 kobolds
  5 quokkas
  A ball python (Sewer)
  6 bats
  4 frilled lizards
  8 rats
386 creatures vanquished.

Vanquished Creatures (others)
  A fungus (Lair:1)
  3 plants
4 creatures vanquished.

Grand Total: 390 creatures vanquished

Notes
Turn   | Place    | Note
-------+----------+-------------------------------------------
     0 | D:1      | HoaS the Formicid Fighter began the quest for the Orb.
     0 | D:1      | Reached XP level 1. HP: 18/18 MP: 1/1
    86 | D:1      | Reached XP level 2. HP: 24/24 MP: 2/2
   481 | D:1      | Reached XP level 3. HP: 29/29 MP: 3/3
   534 | D:1      | Reached skill level 3 in Staves
  1106 | D:2      | Reached XP level 4. HP: 30/35 MP: 4/4
  1157 | D:2      | Noticed Terence
  1166 | D:2      | Killed Terence
  1290 | D:2      | Reached skill level 4 in Staves
  1361 | D:2      | Noticed a bullfrog
  1371 | D:2      | Killed a bullfrog
  1371 | D:2      | Reached skill level 5 in Shields
  1371 | D:2      | Reached XP level 5. HP: 34/41 MP: 5/5
  1717 | D:2      | Reached XP level 6. HP: 46/47 MP: 6/6
  1754 | D:3      | Reached skill level 5 in Staves
  2579 | D:4      | Noticed a phantom
  2608 | D:4      | Killed a phantom
  2608 | D:4      | Reached skill level 6 in Staves
  2608 | D:4      | Reached XP level 7. HP: 49/52 MP: 7/7
  2885 | D:4      | Found an iron altar of Okawaru.
  2889 | D:4      | Found a bloodstained altar of Trog.
  2889 | D:4      | Found an opulent altar of Gozag.
  2902 | D:4      | Found a radiant altar of Vehumet.
  2906 | D:4      | Found a shadowy altar of Dithmenos.
  3308 | D:4      | Found a staircase to the Ecumenical Temple.
  3360 | D:4      | Found a glowing golden altar of the Shining One.
  3582 | Temple   | Entered the Ecumenical Temple
  3779 | Temple   | Became a worshipper of Makhleb the Destroyer
  3834 | D:5      | Entered Level 5 of the Dungeon
  3914 | D:5      | Found a glowing silver altar of Zin.
  4092 | D:5      | Noticed Menkaure
  4101 | D:5      | Killed Menkaure
  4101 | D:5      | Reached skill level 7 in Staves
  4101 | D:5      | Reached XP level 8. HP: 32/58 MP: 8/8
  4340 | D:5      | Found a glowing drain.
  4360 | Sewer    | Entered a sewer
  4504 | Sewer    | Reached * piety under Makhleb
  4546 | Sewer    | Noticed Grinder
  4547 | Sewer    | Found an ancient bone altar of Kikubaaqudgha.
  4572 | Sewer    | Reached skill level 8 in Staves
  4580 | Sewer    | Killed Grinder
  4598 | Sewer    | Reached XP level 9. HP: 63/63 MP: 9/9
  5184 | D:6      | Reached skill level 9 in Staves
  5336 | D:6      | Found an ornate altar of the Wu Jian Council.
  5446 | D:6      | Reached ** piety under Makhleb
  5740 | D:6      | Found a runed translucent door.
  5741 | D:6      | Noticed eyesofgods1's ghost (novice DgTm)
  6183 | D:7      | Reached skill level 10 in Staves
  6891 | D:6      | Killed eyesofgods1's ghost
  7017 | D:8      | Noticed Gastronok
  7037 | D:8      | Killed Gastronok
  7037 | D:8      | Reached skill level 12 in Staves
  7037 | D:8      | Reached XP level 10. HP: 6/69 MP: 10/10
  7411 | D:8      | Reached skill level 13 in Staves
  7889 | D:8      | Reached *** piety under Makhleb
  8614 | D:9      | Noticed a gargoyle
  8654 | D:9      | Killed a gargoyle
  8654 | D:9      | Reached XP level 11. HP: 41/74 MP: 11/11
  8875 | D:9      | Reached skill level 14 in Staves
  9204 | D:9      | Found a runed translucent gate.
  9205 | D:9      | Found a runed translucent gate.
  9205 | D:9      | Found an opulent altar of Gozag.
  9209 | D:9      | Found a runed translucent gate.
  9251 | D:9      | Reached skill level 1 in Dodging
  9474 | D:9      | Noticed Bliebski's ghost (novice OpTm)
  9474 | D:9      | Noticed an ogre mage
  9475 | D:9      | Noticed a five-headed hydra
  9496 | D:10     | Entered Level 10 of the Dungeon
  9499 | D:10     | Found a runed translucent door.
  9514 | D:10     | Found a staircase to the Lair.
  9542 | D:10     | Reached **** piety under Makhleb
  9635 | D:10     | Reached skill level 5 in Armour
  9658 | D:9      | Reached skill level 5 in Fighting
  9806 | D:10     | Found Fossek's Magic Scroll Shop.
  9849 | D:10     | Noticed Joseph
  9865 | D:10     | Killed Joseph
  9899 | D:10     | Found a runed translucent door.
  9900 | D:10     | Noticed Nergalle
  9918 | D:10     | Killed Nergalle
  9945 | D:10     | Found a runed translucent door.
  9957 | D:10     | Found a runed translucent door.
 10289 | D:10     | Noticed Snorg
 10299 | D:10     | Killed Snorg
 10299 | D:10     | Reached XP level 12. HP: 88/88 MP: 12/12
 10755 | Lair:1   | Entered Level 1 of the Lair of Beasts
 10794 | Lair:1   | Reached skill level 5 in Dodging
 10923 | Lair:1   | Noticed a six-headed hydra
 10933 | Lair:1   | Killed a six-headed hydra
 10973 | Lair:1   | Noticed a seven-headed hydra
 10986 | Lair:1   | Killed a seven-headed hydra
 11025 | Lair:1   | Reached ***** piety under Makhleb
 11207 | Lair:1   | You fall into a shaft and drop 1 floor!
 11572 | Lair:2   | Found a hole to the Spider Nest.
 11799 | Lair:2   | Noticed Maggie
 11817 | Lair:2   | Killed Maggie
 11872 | Lair:2   | Reached XP level 13. HP: 85/100 MP: 13/13
 12495 | Lair:3   | Found a frozen archway.
 12523 | Lair:3   | Noticed a seven-headed hydra
 12546 | Lair:3   | Killed a seven-headed hydra
 12573 | IceCv    | Entered an ice cave
 13032 | IceCv    | Reached skill level 10 in Armour
 13043 | IceCv    | Reached skill level 10 in Fighting
 13248 | IceCv    | HP: 5/102 [ice beast[an ice statue] (2)]
 13248 | IceCv    | Slain by an ice beast

Illustrated notes

Levels and vault maps discovered:
D:1:      lemuel_arrival_muddy, layout_rooms
D:2:      layout_basic, uniq_terence
D:3:      layout_loops_cross
D:4:      layout_loops_corners, minmay_overflow_temple_star_hex, tso_altar,
          temple_hall
D:5:      layout_cave_pods, portal_sewer_entry_d, lemuel_altar_in_water,
          uniq_menkaure
D:6:      layout_basic, overflow_temple_1_default, ebering_ghost_inner_flame,
          chequers_serial_rivers_micro_e
D:7:      layout_loops_ring
D:8:      layout_gridville, uniq_gastronok
D:9:      layout_roguey, ebering_ghost_gozag, kennysheep_generic_room_11
D:10:     layout_irregular_city, erik_lair_orcish_takeover, serial_shops,
          nicolae_shop_behind_doors, minmay_statue_crystal_thing, uniq_nergalle,
          uniq_joseph, uniq_snorg
Temple:   regret_index_temple_generic_petals
Lair:1:   layout_hall_layers, infiniplex_staircase_pool_2
Lair:2:   layout_cave_pods, dummy_spider_entry, st_stairs_8, grunt_megastairs_4,
          uniq_maggie
Lair:3:   layout_misc_corridors, elwin_shoals_entry_rocks,
          portal_ice_cave_entry_imps, grunt_forest_small_clearings,
          grunt_megastairs_1, lemuel_fruit_tree
IceCv:    ice_cave_caverns_01

Skill      XL: |  1  2  3  4  5  6  7  8  9 10 11 12 13 |
---------------+----------------------------------------+-----
Shields        | 4 5 6 8 9 |  9.0
Staves         | 3 4 6 7 8 12 13 14 | 14.0
Dodging        | 4 6 8 |  8.1
Armour         | 6 9 10 | 10.2
Fighting       | 6 9 10 | 10.2

Action                   |  1- 3 |  4- 6 |  7- 9 | 10-12 | 13-15 || total
-------------------------+-------+-------+-------+-------+-------++-------
Melee: Quarterstaff      |    75 |   164 |   356 |   810 |   345 ||  1750
 Abil: Dig               |       |     2 |     5 |    13 |       ||    20
Evoke: Wand              |       |       |     1 |    11 |       ||    12
  Use: Scroll            |     3 |     7 |     9 |     7 |       ||    26
       Potion            |       |       |     2 |       |       ||     2
 Stab: Paralysed         |       |       |     4 |       |       ||     4
       Distracted        |       |       |       |     1 |       ||     1
Armor: Scale mail        |     4 |       |       |       |       ||     4
       Chain mail        |    27 |    71 |   109 |   159 |       ||   366
       Swamp dragon scal |       |       |       |     2 |    80 ||    82
Dodge: Dodged            |    18 |    35 |    76 |   154 |   115 ||   398
Block: Kite shield       |    27 |    93 |   176 |   352 |   204 ||   852

Table legend: (Time is in decaauts)
 A = Elapsed time spent in this place.
 B = Non-inter-level travel time spent in this place.
 C = Inter-level travel time spent in this place.
 D = Time resting spent in this place.
 E = Time spent auto-exploring this place.
 F = Levels seen in this place.
 G = Mean time per level.
                   A        B        C        D        E       F      G
               +--------+--------+--------+--------+--------+-----+--------+
         Total |  12790 |  12238 |    552 |    452 |   9151 |  16 |  799.4 |
       Dungeon |   9970 |   9516 |    454 |    452 |   7246 |  10 |  997.0 |
        Temple |    220 |    188 |     32 |      0 |    186 |   1 |  220.0 |
          Lair |   1679 |   1614 |     65 |      0 |   1232 |   3 |  559.7 |
         Sewer |    369 |    369 |      0 |      0 |    172 |   1 |  369.0 |
      Ice Cave |    550 |    550 |      0 |      0 |    314 |   1 |  550.0 |
               +--------+--------+--------+--------+--------+-----+--------+

Top non-repeatable levels by time:
     D:8: 1551 daAuts
     D:6: 1241 daAuts
     D:4: 1147 daAuts
    D:10: 1074 daAuts
  Lair:2: 993 daAuts
     D:2: 966 daAuts
     D:9: 939 daAuts
     D:5: 874 daAuts
     D:1: 782 daAuts
     D:3: 755 daAuts
     D:7: 637 daAuts
  Lair:1: 630 daAuts
   IceCv: 550 daAuts
   Sewer: 369 daAuts
  Temple: 220 daAuts
